Map: Frozen Temple

Players

Fropez - Winner!

  • Race: Protoss Protoss
  • League: Gold
  • Spawn Location: 5:00

Kalavast

  • Race: Protoss Protoss
  • League: Gold
  • Spawn Location: 11:00

VOD

Have the link to the VOD?

Description

Time

  • Played on: Oct. 4, 2016, 6:06 p.m.
  • Length: 9:50
Show
View Real Time Build Order
Export as new Build Order

Fropez Protoss - Winner!

Build Orders:  

Get SALT Encoding   

  12  0:01  Probe (Chrono Boost)  
  13  0:15  Pylon  
  13  0:17  Probe (Chrono Boost)  
  13  0:19  Pylon  
  14  0:33  Probe (Chrono Boost)  
  15  0:41  Gateway  
  15  0:44  Probe (Chrono Boost)  
  16  0:54  Probe (Chrono Boost), Assimilator  
  17  1:05  Probe (Chrono Boost)  
  17  1:08  Gateway  
  18  1:15  Probe (Chrono Boost)  
  19  1:35  Probe (Chrono Boost)  
  19  1:36  Pylon  
  20  1:45  Gateway x2  
  20  1:55  Probe (Chrono Boost)  
  21  2:09  Probe (Chrono Boost), Cybernetics Core  
  22  2:20  Probe (Chrono Boost)  
  23  2:29  Assimilator  
  22  2:37  Probe (Chrono Boost)  
  23  2:47  Warp Gate (Chrono Boost)  
  23  3:04  Pylon  
  23  3:13  Pylon  
  23  3:22  Adept x3, Probe  
  30  3:31  Adept  
  32  3:34  Nexus  
  32  3:49  Adept  
  32  4:02  Gateway  
  31  4:05  Probe  
  32  4:12  Twilight Council  
  32  4:17  Probe  
  33  5:06  Probe  
  26  5:10  Resonating Glaives  
  24  5:16  Mothership Core  
  24  5:18  Probe  
  27  5:23  Assimilator  
  27  5:25  Assimilator  
  27  5:30  Probe  
  28  5:37  Adept x4  
  28  5:38  Adept  
  28  5:42  Probe  
  39  5:43  Probe  
  40  5:54  Probe x2  
  40  5:55  Dark Shrine  
  41  6:08  Adept x3  
  41  6:09  Adept x2  
  41  6:11  Probe  
  52  6:35  Adept  
  50  6:58  Pylon  
  50  7:01  Pylon, Probe  
  50  7:04  Pylon  
  50  7:05  Pylon  
  49  7:32  Adept x4  
  49  7:33  Adept  
  43  7:55  Robotics Facility  
  41  7:58  Pylon  
  41  8:00  Pylon  
  41  8:39  Nexus, Forge  
  41  8:40  Forge  
  37  8:42  Warp Prism (Chrono Boost), Assimilator  
  37  8:44  Assimilator  
  37  8:48  Pylon  
  39  9:05  Probe  
  39  9:06  Probe  
  41  9:10  Dark Templar x4  
  41  9:11  Dark Templar  
  41  9:15  Observer (Chrono Boost)  
Show
View Real Time Build Order
Export as new Build Order

Kalavast Protoss 

Build Orders:  

Get SALT Encoding   

  12  0:01  Probe (Chrono Boost)  
  13  0:11  Probe (Chrono Boost)  
  14  0:19  Pylon  
  14  0:22  Probe (Chrono Boost)  
  15  0:38  Probe (Chrono Boost)  
  15  0:40  Gateway  
  16  0:47  Assimilator  
  16  0:48  Probe (Chrono Boost)  
  17  0:59  Probe (Chrono Boost)  
  18  1:06  Pylon  
  18  1:09  Probe (Chrono Boost)  
  19  1:20  Probe (Chrono Boost)  
  20  1:27  Cybernetics Core  
  21  1:32  Probe (Chrono Boost)  
  21  1:46  Zealot  
  22  2:21  Nexus  
  22  2:33  Warp Gate  
  22  2:35  Adept  
  22  2:36  Assimilator  
  24  2:42  Mothership Core (Chrono Boost)  
  26  2:53  Gateway  
  26  2:56  Gateway  
  26  3:02  Probe (Chrono Boost)  
  27  3:09  Stalker  
  29  3:13  Probe (Chrono Boost)  
  30  3:27  Pylon  
  30  3:32  Robotics Facility  
  30  3:34  Probe x2 (Chrono Boost)  
  32  3:44  Probe x2 (Chrono Boost)  
  34  3:55  Probe (Chrono Boost)  
  35  4:00  Probe (Chrono Boost)  
  34  4:03  Adept x3  
  34  4:05  Probe (Chrono Boost)  
  41  4:11  Probe (Chrono Boost)  
  41  4:15  Gateway  
  41  4:16  Probe (Chrono Boost)  
  43  4:19  Forge  
  43  4:22  Probe (Chrono Boost)  
  44  4:34  Observer  
  44  4:37  Probe x2 (Chrono Boost)  
  46  4:47  Probe (Chrono Boost)  
  46  4:48  Probe (Chrono Boost)  
  41  5:14  Probe (Chrono Boost)  
  41  5:19  Probe (Chrono Boost)  
  43  5:22  Adept  
  43  5:23  Adept  
  43  5:25  Probe (Chrono Boost)  
  43  5:26  Protoss Ground Weapons Level 1  
  48  5:30  Probe (Chrono Boost)  
  50  5:35  Probe (Chrono Boost)  
  50  5:39  Stalker x2  
  54  5:45  Pylon  
  54  6:04  Observer, Probe x2 (Chrono Boost)  
  57  6:08  Stalker x2  
  61  6:14  Probe (Chrono Boost)  
  61  6:18  Pylon  
  62  6:20  Pylon  
  62  6:22  Assimilator  
  62  6:24  Assimilator  
  62  6:36  Probe x2 (Chrono Boost), Immortal  
  68  6:47  Probe x2 (Chrono Boost)  
  68  6:57  Probe (Chrono Boost)  
  69  7:03  Stalker x2  
  69  7:04  Nexus  
  69  7:05  Zealot  
  76  7:15  Observer  
  58  7:47  Adept  
  58  7:48  Adept x2, Zealot  
  62  7:55  Immortal  
  62  8:08  Gateway  
  62  8:13  Pylon  
  62  8:15  Pylon  
  62  8:22  Stalker  
  62  8:23  Adept  
  62  8:24  Robotics Facility  
  66  8:34  Immortal  
  66  8:36  Zealot x2  
  70  8:47  Probe x2 (Chrono Boost)  
  72  8:50  Probe (Chrono Boost)  
  73  8:58  Adept  
  73  8:59  Adept x3  
  77  9:07  Photon Cannon  
  73  9:10  Probe (Chrono Boost)  
  73  9:11  Probe x2 (Chrono Boost)  
  72  9:34  Probe x3 (Chrono Boost)  
  75  9:42  Twilight Council  
Tags
 
League
GoldGold
Matchup
PvP
Replay Pack
All Mines
Spawn Locations
Cross Positions
Add a new tag
Caveats
  • Supply blocks, unpowered buildings, or Contaminate may cause inaccurate times.
  • Supply counts are checked every 10 seconds.